 Dungeon Crawl Stone Soup version 0.14-a0-1313-gb2df4ef (webtiles) character file.

52 M4edhros the Stinger (level 2, -1/17 HPs)
             Began as an Octopode Venom Mage on Dec 5, 2013.
             Slain by a goblin (3 damage)
             ... on Level 1 of the Dungeon.
             The game lasted 00:00:49 (816 turns).

M4edhros the Stinger (Octopode Venom Mage)           Turns: 816, Time: 00:00:50

HP  -1/17        AC  1     Str  7      XL: 2   Next: 79%
MP   5/5         EV 12     Int 17      God:
Gold 32          SH  0     Dex 12      Spells:  1 memorised,  5 levels left

rFire  . . .     SeeInvis .     e - -1,+1 orc dagger
rCold  . . .     Clarity  .     (no shield)
rNeg   . . .     Conserve .     (helmet restricted)
rPois  .         rCorr    .     (no amulet)
rElec  .         rRot     .     (no ring)
SustAb . .       Spirit   .     (no ring)
rMut   .         Warding  .     (no ring)
Saprov . . .     Stasis   .     (no ring)
                                (no ring)
                                (no ring)
                                (no ring)
                                (no ring)

@: very slightly contaminated, not resistant to hostile enchantments, quite
stealthy
A: almost no armour, amphibious, 8 rings, constrict 8, camouflage 1, gelatinous
body 1
a: no special abilities


You were on level 1 of the Dungeon.
You were not hungry.

You visited 1 branch of the dungeon, and saw 1 of its levels.

You collected 32 gold pieces.

Inventory:

Hand weapons
 e - a -1,+1 orcish dagger (weapon)
Missiles
 d - 7 needles of sleeping
Comestibles
 c - a bread ration
Scrolls
 a - a scroll of enchant armour {unknown}
 f - a scroll of identify {unknown}
 g - a scroll of enchant weapon I {unknown}
Potions
 h - a potion of porridge
Books
 b - a Young Poisoner's Handbook

   Spells                             Type                      Level
   *Sting                             Conjuration/Poison           1
   Cure Poison                        Poison                       2
   Mephitic Cloud                     Conjuration/Poison/Air       3
   Olgreb's Toxic Radiance            Poison                       4
   Venom Bolt                         Conjuration/Poison           5


   Skills:
 - Level 2.0 Dodging
 - Level 2.6 Stealth
 + Level 2.5 Spellcasting
 + Level 1.0 Conjurations
 + Level 5.1 Poison Magic


You had 5 spell levels left.
You knew the following spells:

 Your Spells              Type           Power        Failure   Level  Hunger
a - Sting                 Conj/Pois      ##..         6%          1    #......


Dungeon Overview and Level Annotations

Branches:
Dungeon (1/16)

Altars:


Innate Abilities, Weirdness & Mutations

You cannot wear most types of armour.
You are amphibious.
You can wear up to eight rings at the same time.
You can use your tentacles to constrict many enemies at once.
Your skin changes colour to match your surroundings (Stlth).
Your rubbery body absorbs attacks (AC +1).


Message History

Found a scroll labeled BOXTAM TOYFO.
Found a stone staircase leading down.
A hobgoblin comes into view. It is wielding a club.
The hobgoblin shouts!
You feel yourself slow down.
You closely miss the hobgoblin. Your grab misses the hobgoblin.
The hobgoblin hits you with a club.
You hit the hobgoblin. You grab the hobgoblin.
The hobgoblin is heavily wounded.
You constrict the hobgoblin, but do no damage.
The hobgoblin hits you with a club.
You hit the hobgoblin but do no damage.
The hobgoblin is heavily wounded.
You constrict the hobgoblin. The hobgoblin hits you with a club.
* * * LOW HITPOINT WARNING * * *
You are too injured to fight recklessly!
You are too injured to fight recklessly!
You hit the hobgoblin.
You kill the hobgoblin!
The goblin hits you.
You die...

. . #.#.. #.... #.#..
######## #####..?.
.......###......####
####................
####.#.###......)########
...#.#.###......@g.......
.........................
...#.#.###.......#######
...#.#.# #.......#
#.##.#.# ###.#####
.....#.#####.#
.....%.......#
.....#.#####.# #.#
#....#.# #># #.#


You could see a goblin.

Vanquished Creatures
  A giant gecko (D:1)
  3 bats (D:1)
  4 goblins (D:1)
  2 hobgoblins (D:1)
  A kobold (D:1)
  2 giant cockroaches (D:1)
  3 giant newts (D:1)
  A rat (D:1)
17 creatures vanquished.

Notes
Turn   | Place    | Note
--------------------------------------------------------------
     0 | D:1      | M4edhros, the Octopode Venom Mage, began the quest for the Orb.
     0 | D:1      | Reached XP level 1. HP: 11/11 MP: 3/3
   164 | D:1      | Reached skill level 5 in Poison Magic
   164 | D:1      | Reached XP level 2. HP: 9/17 MP: 4/4
   791 | D:1      | Reached skill level 1 in Conjurations
   816 | D:1      | Slain by a goblin

Action                   || total
-------------------------++-------
Melee: Dagger            ||    36
       Unarmed           ||     9
  Use: Potion            ||     2
 Stab: Sleeping          ||     3
